AoeStats
← dashuaibi

Oasis

510063841Analyzed
4v4 RM · 2d ago on Sep 29, 2026· 28m 53s· 8 players
Game mode
Random Map
Map size
Large (8 player)
Population
200
Speed
Normal
Resources
Standard
Victory
Conquest
Starting age
Dark Age
Ending age
Imperial Age
RankedLock teamsTeams togetherTeam positionsShared explorationLock speedFull tech treeHidden civsTurbo modeCheats
Victory
Defeat
🇯🇵 Ethiopians · Japan
1454
+12
🇺🇸 Armenians · United States
1436
+13
🇯🇵 Mongols · Japan
1390
+15
🇧🇩 Lithuanians · Bangladesh
1339
+16
🇹🇷 Lithuanians · Türkiye
1373
-15
🇨🇳 Bohemians · China
1365
-14
🇹🇷 Saracens · Türkiye
1362
-14
🇨🇳 Goths · China
1337
-13
Eiiisckhan
6:39 Loom
9:24 Feudal Age
10:16 Man-at-Arms
dashuaibi
10:41 Feudal Age
12:09 Loom
15:21 Castle Age
13:34 Double-Bit Axe
15:05 Horse Collar
28:43 Chemistry
28:30 Wheelbarrow
28:03 Fletching
C42
7:12 Loom
9:56 Feudal Age
10:34 Double-Bit Axe
10:29 Horse Collar
17:31 Castle Age
20:20 Wheelbarrow
22:46 Fletching
MinorCloud9519
6:40 Loom
9:01 Feudal Age
9:50 Double-Bit Axe
17:24 Horse Collar
18:04 Fletching
18:45 Town Watch
22:51 Castle Age
22:04 Padded Archer Armor
23:28 Bodkin Arrow
23:03 Crossbowman
Odd's
7:00 Loom
9:03 Feudal Age
10:16 Double-Bit Axe
15:12 Fletching
17:45 Wheelbarrow
22:21 Padded Archer Armor
25:49 Castle Age
24:58 Gold Mining
26:32 Bodkin Arrow
25:58 Crossbowman
26:49 Bow Saw
29:07 Ballistics
CumansCumin
7:53 Loom
10:28 Feudal Age
12:16 Double-Bit Axe
14:35 Castle Age
12:22 Double-Bit Axe
12:45 Horse Collar
16:08 Bow Saw
20:22 Heavy Plow
21:49 Fervor
23:21 Scale Barding Armor
23:27 Forging
24:14 Wheelbarrow
24:26 Bloodlines
25:14 Gold Mining
26:56 Chain Barding Armor
28:14 Hand Cart
28:57 Iron Casting
ふぁいやー
8:51 Feudal Age
9:21 Double-Bit Axe
10:43 Loom
13:19 Horse Collar
21:46 Castle Age
20:45 Bloodlines
20:47 Forging
21:54 Scale Barding Armor
22:47 Husbandry
23:07 Bow Saw
28:15 Wheelbarrow
meh
6:15 Loom
8:59 Feudal Age
9:04 Man-at-Arms
10:30 Long Swordsman
16:59 Town Watch
18:18 Fletching
18:55 Padded Archer Armor
19:51 Horse Collar
19:57 Double-Bit Axe
25:59 Castle Age
28:12 Wheelbarrow
Connection lost

Rejoining the realm…

Still unreachable

The connection could not be restored.

Session expired

The server has moved on; the page needs a fresh start.